[Event "*** Titled Tuesday Blitz"]
[Site "Chess.com"]
[Date "2020.05.05"]
[Round "10"]
[White "MarcoCorvi"]
[Black "maxsergej"]
[Result "0-1"]
[WhiteElo "2214"]
[BlackElo "2132"]
[TimeControl "180+1"]
[EndTime "11:59:04 PDT"]
[Termination "maxsergej won on time"]

1. e4 c5 2. Nc3 Nc6 3. Bb5 g6 4. Bxc6 bxc6 5. d3 Bg7 6. f4 Nf6 7. Nf3 O-O 8. O-O d6 9. Bd2 Rb8 10. b3 Re8 11. Qe1 e6 12. Qh4 Nd7 13. Qxd8 Rxd8 14.
Rae1 d5 15. h3 c4 16. Na4 cxb3 17. axb3 c5 18. Ba5 Rf8 19. exd5 exd5 20. f5 c4 21.
dxc4 dxc4 22. b4 Ba6 23. Re7 Bb5 24. Nc5 Nxc5 25. bxc5 a6 26. Bc7 Rbe8 27. Rfe1 Rxe7 28. Rxe7 gxf5 29. Ne5 Bf6 30. Bd6 Bxe7 31. Bxe7 Rc8 32. g4 f6 33. Bxf6 fxg4 34. Nxg4 Rxc5 35. Kf2 Rf5+ 36.
Ke3 h5 37. Ke4 Rf1 0-1

[Event "*** Titled Tuesday Blitz"]
[Site "Chess.com"]
[Date "2020.05.05"]
[Round "10"]
[White "Charlottemillard17"]
[Black "Grineva_Marianna"]
[Result "0-1"]
[WhiteElo "1444"]
[BlackElo "2135"]
[TimeControl "180+1"]
[EndTime "11:59:05 PDT"]
[Termination "Grineva_Marianna won by checkmate"]

1. e4 d6 2. d4 Nf6 3. Nc3 g6 4. Bc4 Bg7 5. Nf3 O-O 6. O-O c6 7. h3 b5 8. Bb3 a5 9. a3 Ba6 10. Re1 b4 11. axb4 axb4 12. Na2 c5 13. dxc5 dxc5 14.
Qxd8 Rxd8 15. Nd2 Nc6 16. Nc4 Nd4 17. e5 Nd5 18. Be3 Bxc4 19. Bxc4 Nxc2 20. Bxd5 Rxd5 21. Nc3 Rxa1 22. Rxa1 Rd8 23. Ra7 bxc3 24. bxc3 Nxe3 25. fxe3 Bxe5 26. Rxe7 Bxc3 27. Rc7 Bb4 28. Rc6 Kf8 29. Rc7 Rd2 30. Kh2 Kg7 31. Kg3 Kf6 32. Kf4 Rxg2 33. Rc6+ Kg7 34. Rc7 h5 35. Kf3 Rh2 36. Kg3 Rc2 37. Kf3 h4 38. Kg4 Rc4+ 39. Kf3 Be1 40. Ke2 Bg3 41. Kf3 Bxc7 42. Ke2 g5 43. Kf3 f5 44.
Ke2 g4 45. hxg4 fxg4 46. e4 h3 47. e5 h2 48. e6 h1=Q 49. e7 Qe4+ 50. Kf2 Rc2+ 51. Kg1 Qe1# 0-1

[Event "*** Titled Tuesday Blitz"]
[Site "Chess.com"]
[Date "2020.05.05"]
[Round "10"]
[White "Semen16"]
[Black "GM_DarwinLaylo"]
[Result "0-1"]
[WhiteElo "2343"]
[BlackElo "2528"]
[TimeControl "180+1"]
[EndTime "11:59:06 PDT"]
[Termination "GM_DarwinLaylo won by checkmate"]

1. e4 d5 2. exd5 Nf6 3. d4 Bg4 4. f3 Bf5 5. c4 e6 6. dxe6 Bxe6 7. Nc3 Qe7 8. Qe2 Nc6 9. d5 Nd4 10. Qd2 Bf5+ 11. Kf2 Nc2 12. Bd3 Bxd3 13. Qxd3 Nxa1 14. Nge2 Qb4 15. Be3 Bc5 16. Rxa1 O-O 17. Bxc5 Qxc5+ 18. Nd4 Rfe8 19. a3 a5 20. Rd1 Rad8 21. Kf1 c6 22. dxc6 bxc6 23. Nce2 Qd6 24. Kg1 c5 25.
Qc2 cxd4 26. Rxd4 Qc5 27. Qd3 Rxe2 28. Kf1 Qxd4 29. Qxe2 Qd1+ 30. Kf2 Rd2 31. Qxd2 Qxd2+ 32. Kg3 g5 33. c5 Qe1+ 34. Kh3 h5 35. g4 Qf1+ 36.
Kg3 h4# 0-1

[Event "*** Titled Tuesday Blitz"]
[Site "Chess.com"]
[Date "2020.05.05"]
[Round "10"]
[White "j2806"]
[Black "HouseOfDurin"]
[Result "1-0"]
[WhiteElo "1981"]
[BlackElo "1982"]
[TimeControl "180+1"]
[EndTime "11:59:06 PDT"]
[Termination "j2806 won by resignation"]

1. e4 c5 2. Nf3 Nc6 3. d4 cxd4 4. Nxd4 e5 5. Nb5 d6 6. N1c3 a6 7. Na3 b5 8. Nd5 Nf6 9. Bg5 Be7 10. Bxf6 Bxf6 11.
c3 O-O 12. Nc2 Bg5 13. a4 Rb8 14. axb5 axb5 15. Be2 Be6 16. O-O Ne7 17. Nce3 Bxe3 18.
Nxe3 d5 19. exd5 Nxd5 20. Nxd5 Bxd5 21. Qc2 Qg5 22. f3 Rfd8 23. Rad1 h6 24. Kh1 Bc4 25. Qe4 Bxe2 26. Qxe2 Rxd1 27. Rxd1 Rd8 28. Rxd8+ Qxd8 29. h3 Qd5 30. Kh2 f6 31. Qe4 Qc5 32. Kg3 Kf7 33. Qb7+ Kg6 34. Qe4+ f5 35. Qd3 Kf6 36.
b4 Qc6 37. Kf2 Ke6 38. Ke2 e4 39. fxe4 fxe4 40. Qe3 Ke5 41. Qd4+ Kf5 42. Ke3 Qe6 43.
g4+ Kg5 44. Qxe4 Qxe4+ 45. Kxe4 Kh4 46. Kd5 Kxh3 47. Kc5 Kxg4 48. Kxb5 h5 49. c4 h4 50. c5 h3 51. c6 h2 52. c7 h1=Q 53. c8=Q+ Kh5 54. Qh8+ Kg6 55. Qxh1 1-0

[Event "*** Titled Tuesday Blitz"]
[Site "Chess.com"]
[Date "2020.05.05"]
[Round "10"]
[White "XiaoKangZhong"]
[Black "sergeikim"]
[Result "1/2-1/2"]
[WhiteElo "2333"]
[BlackElo "2467"]
[TimeControl "180+1"]
[EndTime "11:59:07 PDT"]
[Termination "Game drawn by repetition"]

1. e4 e5 2. Nf3 Nc6 3. Bc4 Bc5 4.
O-O Nf6 5. d3 d6 6. c3 a6 7. Bb3 Ba7 8. h3 O-O 9. Nbd2 Nh5 10.
Nxe5 Nxe5 11. Qxh5 Nxd3 12. Nf3 Qf6 13. Bg5 Qg6 14.
Qxg6 hxg6 15. Rad1 Nc5 16. Bc2 a5 17. Rfe1 Be6 18. b3 Rfe8 19. Nd4 Bd7 20. a4 Ne6 21. Be3 Nxd4 22. Bxd4 Bxd4 23. Rxd4 Bc6 24. f3 Re5 25. Kf2 Rae8 26. b4 g5 27. Rc4 R8e7 28. b5 Be8 29.
Rd4 Rc5 30. Re3 f6 31. Bb3+ Bf7 32. Bxf7+ Kxf7 33. Ke2 b6 34. Kd3 Rce5 35. Re1 f5 36.
Rf1 Kg6 37. g4 f4 38. c4 Re8 39.
Rh1 Rh8 40. Rd5 Kf6 41. Kd4 Ke6 42. Rh2 Rh6 43. Rh1 Rh8 44. Rh2 Kf6 45. Rh1 Ke6 1/2-1/2

[Event "*** Titled Tuesday Blitz"]
[Site "Chess.com"]
[Date "2020.05.05"]
[Round "10"]
[White "pedromartinez91"]
[Black "Oligan22"]
[Result "1-0"]
[WhiteElo "2532"]
[BlackElo "2375"]
[TimeControl "180+1"]
[EndTime "11:59:09 PDT"]
[Termination "pedromartinez91 won on time"]

1. e4 c6 2. c4 d5 3. cxd5 cxd5 4. exd5 Nf6 5. Qa4+ Bd7 6. Qa3 Nxd5 7. Qb3 Bc6 8. Nf3 e6 9. Nc3 Be7 10. d4 O-O 11. Bd3 Nb4 12. Be4 Bxe4 13. Nxe4 N8c6 14. O-O Nxd4 15. Nxd4 Qxd4 16. Nc3 b6 17. Be3 Qh4 18. Rad1 Nc6 19. Rd7 Bf6 20. Nb5 Ne5 21. Rb7 Ng4 22.
Bf4 a6 23. Bg3 Qh5 24. Nc7 Rad8 25. h3 Ne5 26. Qxb6 Nd3 27. Qxa6 Nxb2 28. Qb5 Qg6 29. a4 Bd4 30. Kh2 Nd3 31. a5 h5 32. Rd1 h4 33. Bxh4 Nf4 34. Qg5 Qe4 35. a6 Bf6 36.
Rxd8 1-0

[Event "*** Titled Tuesday Blitz"]
[Site "Chess.com"]
[Date "2020.05.05"]
[Round "10"]
[White "Harry_Rakkel"]
[Black "JozefKneht"]
[Result "1-0"]
[WhiteElo "2624"]
[BlackElo "2465"]
[TimeControl "180+1"]
[EndTime "11:59:10 PDT"]
[Termination "Harry_Rakkel won by resignation"]

1. d4 d5 2. c4 e6 3. Nc3 Nf6 4.
cxd5 exd5 5. Bg5 Be7 6. e3 c6 7. Bd3 Nbd7 8. Qc2 O-O 9. Nge2 Re8 10. O-O Nf8 11. Rad1 Be6 12. f3 Rc8 13. Kh1 a6 14. e4 dxe4 15. fxe4 Ng4 16. Bxe7 Qxe7 17. Qd2 c5 18.
Bb1 cxd4 19. Nxd4 Rcd8 20. Qf4 Ng6 21. Qg3 Qb4 22. Nf5 N4e5 23. h4 Qxb2 24. h5 Bxf5 25. exf5 Rxd1 26. Rxd1 Nf8 27. h6 g6 28. Nd5 Nfd7 29.
Re1 Kf8 30. fxg6 hxg6 31. Qf4 Re6 32. Qh4 Kg8 33. h7+ Kh8 34. Nf4 Re8 35. Bxg6 Kg7 36.
Bf5 Nf6 37. Qg5+ Ng6 38. Rxe8 Nxe8 39. Bxg6 f6 40. h8=Q+ Kxh8 41. Qh6+ Kg8 42. Qh7+ 1-0

[Event "*** Titled Tuesday Blitz"]
[Site "Chess.com"]
[Date "2020.05.05"]
[Round "10"]
[White "yamalchess"]
[Black "albano87"]
[Result "1-0"]
[WhiteElo "2542"]
[BlackElo "2404"]
[TimeControl "180+1"]
[EndTime "11:59:10 PDT"]
[Termination "yamalchess won by checkmate"]

1. d4 d5 2. c4 c6 3. Nc3 Nf6 4. Bf4 e6 5. e3 Nbd7 6. Nf3 Be7 7.
Bd3 dxc4 8. Bxc4 b5 9. Bd3 Bb7 10. O-O O-O 11. a3 a6 12. b4 Nd5 13. Nxd5 cxd5 14. a4 Bc6 15. axb5 Bxb5 16. Bxb5 axb5 17. Qd3 Qb6 18. Qb3 Nf6 19. Ne5 Qb7 20. Nd3 Ne4 21. Rfd1 g5 22. Bg3 Nxg3 23. hxg3 Rxa1 24. Rxa1 Ra8 25. Rc1 Ra7 26. Nc5 Qa8 27. Qd1 Ra2 28. Qg4 h6 29. f4 Ra1 30. Rxa1 Qxa1+ 31. Kh2 Qe1 32. Nxe6 Qxe3 33. Nc5 Qxd4 34. Nd7 Qxb4 35. Ne5 f6 36. Qe6+ Kh8 37. Ng6+ Kg7 38. Nxe7 d4 39. Qg8# 1-0

[Event "*** Titled Tuesday Blitz"]
[Site "Chess.com"]
[Date "2020.05.05"]
[Round "10"]
[White "ChessBitl"]
[Black "NormWeinstein"]
[Result "1-0"]
[WhiteElo "2329"]
[BlackElo "2444"]
[TimeControl "180+1"]
[EndTime "11:59:10 PDT"]
[Termination "ChessBitl won on time"]

1. e4 c6 2. d4 d6 3. Nd2 Nf6 4. Bd3 e5 5. Ne2 Be7 6. Nf3 Qc7 7. O-O O-O 8. Bg5 h6 9. Bh4 Bg4 10. c3 Bxf3 11. gxf3 Nh7 12. Bg3 Nd7 13. Kh1 Bg5 14. f4 exf4 15. Nxf4 Rae8 16. f3 Qd8 17.
Qe1 g6 18. Qf2 Bf6 19. Rae1 Bg7 20. Ng2 Ndf6 21. h3 b6 22. Bh2 c5 23. Bb5 Re7 24.
Qg3 cxd4 25. cxd4 Ne8 26. Rd1 Nc7 27. Bc6 d5 28. e5 Ne6 29. Nf4 Nhg5 30. Nxd5 Kh7 31.
Nxe7 Qxe7 32. f4 Nd8 33. Bg2 Nge6 34. d5 Nc5 35. d6 Qd7 36. b4 Na4 37. Be4 Kh8 38.
Rc1 b5 39. Qd3 a6 40. f5 gxf5 41. Bxf5 Ne6 42. Rg1 Nb6 43. Rc7 Qd8 44. Bxe6 1-0

[Event "*** Titled Tuesday Blitz"]
[Site "Chess.com"]
[Date "2020.05.05"]
[Round "10"]
[White "Onischuk_V"]
[Black "AleksanderHnydiuk"]
[Result "1-0"]
[WhiteElo "2783"]
[BlackElo "2582"]
[TimeControl "180+1"]
[EndTime "11:59:11 PDT"]
[Termination "Onischuk_V won on time"]

1. e4 c5 2. Nf3 e6 3. b3 b6 4. Bb2 Bb7 5. Nc3 a6 6. g3 d6 7. Bg2 Nf6 8. O-O Be7 9. e5 dxe5 10. Nxe5 Bxg2 11. Kxg2 O-O 12. f4 Qc7 13. Qf3 Nbd7 14. Rae1 Rac8 15. d3 b5 16. Ne4 Nxe4 17. Rxe4 Nxe5 18.
Bxe5 Qc6 19. Rfe1 f5 20. R4e2 Qxf3+ 21. Kxf3 Kf7 22. h3 h5 23. g4 hxg4+ 24. hxg4 fxg4+ 25. Kxg4 Rh8 26. Bc3 Rh4+ 27. Kf3 Rh3+ 28. Ke4 Bf6 29.
Be5 Rd8 30. Rf1 Rd5 31. Rg2 Rh5 32. Bxf6 gxf6 33. Rfg1 Rh7 34. Rg8 Rd4+ 35. Ke3 Rh3+ 36. Kd2 Rh2+ 37. Kc1 Rh7 38. Ra8 Rh2 39. Ra7+ Kf8 40.
Rxa6 Rxf4 41. Kb2 Rff2 42. Rc1 Re2 43. Rc6 Rh5 44. a4 bxa4 45. bxa4 Rd5 46. Kb3 f5 47. Ra1 f4 48. a5 f3 49. a6 f2 50. a7 Rd8 51. Rf1 1-0

[Event "*** Titled Tuesday Blitz"]
[Site "Chess.com"]
[Date "2020.05.05"]
[Round "10"]
[White "Spartakus1975"]
[Black "Stormeman100100"]
[Result "1-0"]
[WhiteElo "2753"]
[BlackElo "2568"]
[TimeControl "180+1"]
[EndTime "11:59:11 PDT"]
[Termination "Spartakus1975 won by resignation"]

1. e4 c5 2. c3 Nf6 3. e5 Nd5 4. Nf3 d6 5. d4 cxd4 6. cxd4 Nc6 7. Bc4 e6 8. O-O Be7 9. Qe2 O-O 10. Rd1 dxe5 11.
dxe5 Qa5 12. Bd2 Qb6 13. Nc3 Nxc3 14. Bxc3 Rd8 15. Qe4 Bd7 16. Bd3 g6 17. Qf4 Nb4 18. Be4 Bc6 19. Bd4 Qa6 20. h4 Bxe4 21. Qxe4 Qc6 22.
Qg4 h5 23. Qf4 Nc2 24. Rac1 Nxd4 25. Nxd4 Qd5 26. Kh2 Qa5 27. Qe4 Rd5 28. Nxe6 fxe6 29. Qxg6+ Kf8 30. Qh6+ Ke8 31. Qxe6 Rxe5 32. Qg8+ Bf8 33.
Qg6+ Ke7 34. Rd6 Rd8 35. Qf6+ Ke8 36. Rxd8+ Qxd8 37. Qxe5+ Kf7 38. Qxh5+ Kg8 39. Qg6+ Bg7 40. Rc4 Kh8 41. Rg4 Qc7+ 42. g3 1-0

[Event "*** Titled Tuesday Blitz"]
[Site "Chess.com"]
[Date "2020.05.05"]
[Round "10"]
[White "ChronicUnhappiness"]
[Black "starplatinum2030"]
[Result "0-1"]
[WhiteElo "2300"]
[BlackElo "2159"]
[TimeControl "180+1"]
[EndTime "11:59:11 PDT"]
[Termination "starplatinum2030 won on time"]

1. c4 e5 2. g3 c6 3. Nf3 e4 4.
Nd4 Qb6 5. Nc2 d5 6. Bg2 Nf6 7. O-O Bd6 8. cxd5 cxd5 9. d3 Be6 10. Nc3 O-O 11. dxe4 dxe4 12. Be3 Qxb2 13. Bd4 Nc6 14. Rb1 Qxc2 15. Qxc2 Nxd4 16. Qd1 Be5 17. Nxe4 Nxe4 18.
Bxe4 Rad8 19. Bd3 b6 20. Qa4 Rd7 21. Rfc1 Rfd8 22. Qa6 Nf3+ 23. exf3 Rxd3 24. f4 Bc3 25. Qxa7 Bd4 26. Qc7 Bc5 27. Re1 Bxa2 0-1

[Event "*** Titled Tuesday Blitz"]
[Site "Chess.com"]
[Date "2020.05.05"]
[Round "10"]
[White "WonderChampion"]
[Black "Anastasia_Nesytova"]
[Result "0-1"]
[WhiteElo "1860"]
[BlackElo "2370"]
[TimeControl "180+1"]
[EndTime "11:59:11 PDT"]
[Termination "Anastasia_Nesytova won by checkmate"]

1. e4 c6 2. c4 d5 3. exd5 cxd5 4. cxd5 Nf6 5. Nc3 Nxd5 6. Bb5+ Nc6 7. Nf3 g6 8. O-O Bg7 9. d4 O-O 10. Bc4 Nb6 11. Bb3 Nxd4 12. Nxd4 Qxd4 13. Qe2 Bg4 14. Qxe7 Nc4 15. Bxc4 Qxc4 16. Qe4 Qxe4 17. Nxe4 Rad8 18. h3 Bf5 19. Ng3 Bd3 20. Re1 Rfe8 21. Be3 Bxb2 22. Rad1 Bc3 23. Bd2 Bf6 24. Ba5 Rxe1+ 25. Rxe1 Rc8 26. a3 b6 27. Bb4 h5 28. Ne4 Bb2 29. Nd6 Rd8 30. Re7 Bb1 31. Nxf7 Rd1+ 32. Kh2 Bc1 33. Nd6 Bf4+ 34. g3 Bxd6 35. Rd7 Be4 36. Rd8+ Kf7 37. f3 Bxf3 38. Rd7+ Ke8 39. Rxd6 Rh1# 0-1

[Event "*** Titled Tuesday Blitz"]
[Site "Chess.com"]
[Date "2020.05.05"]
[Round "10"]
[White "DenisQ"]
[Black "adriangschnitzer"]
[Result "1-0"]
[WhiteElo "2672"]
[BlackElo "2460"]
[TimeControl "180+1"]
[EndTime "11:59:13 PDT"]
[Termination "DenisQ won on time"]

1. Nf3 c5 2. c4 Nf6 3. Nc3 Nc6 4. g3 d5 5. d4 cxd4 6. Nxd4 dxc4 7. Nxc6 Qxd1+ 8. Nxd1 bxc6 9. Bg2 Nd5 10. Ne3 e6 11.
Nxc4 Ba6 12. b3 Bb4+ 13. Bd2 Bxd2+ 14. Kxd2 Ke7 15. Rhc1 Rhc8 16. Ne5 c5 17. Rc2 f6 18.
Nc4 Rab8 19. Rac1 Nb4 20. Rb2 Nd5 21. Ke1 Bxc4 22. Rxc4 Rb4 23. Bxd5 exd5 24. Rxb4 cxb4 25.
Kd2 Rc3 26. e3 Rc6 27. Rc2 Ra6 28. Kc1 Kd6 29. Kb2 Rb6 30. Rc8 Rb7 31. Kc2 Ke5 32. Re8+ Kf5 33. Kd3 h5 34. h3 g5 35. Rd8 Ke6 36. Kd4 1-0

[Event "*** Titled Tuesday Blitz"]
[Site "Chess.com"]
[Date "2020.05.05"]
[Round "10"]
[White "zala02"]
[Black "kuba2006"]
[Result "0-1"]
[WhiteElo "2258"]
[BlackElo "2421"]
[TimeControl "180+1"]
[EndTime "11:59:13 PDT"]
[Termination "kuba2006 won by resignation"]

1. d4 Nf6 2. c4 e6 3. Nc3 Bb4 4. Nf3 b6 5. Bg5 Bb7 6. e3 h6 7.
Bh4 d6 8. Rc1 g5 9. Bg3 Ne4 10.
Bd3 f5 11. d5 exd5 12. cxd5 Nd7 13. Nd4 Qf6 14. O-O Bxc3 15. bxc3 Bxd5 16. c4 Bb7 17. Qh5+ Kf8 18. f3 Nxg3 19. hxg3 Ne5 20. Bb1 Bc8 21. g4 f4 22. exf4 Qxf4 23. Nf5 Bxf5 24. Bxf5 Kg7 25. Rfe1 Rae8 26. Re4 Nxf3+ 27. gxf3 Qxc1+ 28. Kg2 Qb2+ 29. Kg3 Rxe4 30. Qg6+ Kf8 31. Bxe4 Qe5+ 32. Kh3 Rg8 33. Qxh6+ Ke7 34. Qh7+ Qg7 35. Qxg7+ Rxg7 36. Bf5 Kf6 37. Kg3 Ke5 38. Kf2 Kf4 0-1

[Event "*** Titled Tuesday Blitz"]
[Site "Chess.com"]
[Date "2020.05.05"]
[Round "10"]
[White "Chessalary"]
[Black "fabianvivasz"]
[Result "1-0"]
[WhiteElo "2180"]
[BlackElo "2311"]
[TimeControl "180+1"]
[EndTime "11:59:13 PDT"]
[Termination "Chessalary won on time"]

1. e4 e5 2. Nf3 Nc6 3. Bc4 Nf6 4. d3 Be7 5. O-O O-O 6. c3 d5 7. exd5 Nxd5 8. Re1 Bg4 9. h3 Bh5 10. g4 Bg6 11.
Nxe5 Nxe5 12. Rxe5 Nb6 13. Nd2 Bd6 14. Re3 Qh4 15.
Kg2 Rae8 16. Nf3 Qf6 17. Rxe8 Rxe8 18. Bg5 Qxf3+ 19. Kxf3 Nxc4 20. dxc4 Be4+ 21. Ke2 Bc2+ 22. Be3 Bxd1+ 23. Rxd1 f6 24. Kf3 b6 25. b4 Re7 26. c5 bxc5 27. bxc5 Be5 28. Bd4 Kf7 29. Bxe5 fxe5 30. Ke4 Kf6 31. Rd5 1-0

[Event "*** Titled Tuesday Blitz"]
[Site "Chess.com"]
[Date "2020.05.05"]
[Round "10"]
[White "Beca95"]
[Black "Kobalia"]
[Result "1-0"]
[WhiteElo "2876"]
[BlackElo "2746"]
[TimeControl "180+1"]
[EndTime "11:59:14 PDT"]
[Termination "Beca95 won on time"]

1. c4 c6 2. Nf3 d5 3. e3 Nf6 4. Nc3 a6 5. b3 Bg4 6. h3 Bh5 7.
g4 Bg6 8. Bb2 e6 9. Ne5 Nbd7 10.
Nxg6 hxg6 11. d4 Bd6 12. Bg2 O-O 13. g5 Ne8 14. h4 Bc7 15. f4 Nd6 16. h5 Nf5 17. Kf2 Ba5 18. Qg4 Re8 19. Rad1 Nf8 20. Ne2 gxh5 21. Rxh5 Ng6 22. Rdh1 Bb4 23. c5 Bd2 24.
R1h3 a5 25. e4 dxe4 26. Bxe4 a4 27. d5 cxd5 28. Bxf5 exf5 29. Qxf5 d4 30. Nxd4 Bxf4 31. Rh8+ Nxh8 32. Qh7+ Kf8 33. Qxh8+ Ke7 34. Qxg7 Ra6 35. Nf5+ Kd7 36. Rd3+ 1-0

[Event "*** Titled Tuesday Blitz"]
[Site "Chess.com"]
[Date "2020.05.05"]
[Round "10"]
[White "doons21"]
[Black "THE_PLAYER6"]
[Result "1-0"]
[WhiteElo "2587"]
[BlackElo "2421"]
[TimeControl "180+1"]
[EndTime "11:59:14 PDT"]
[Termination "doons21 won by resignation"]

1. e4 c5 2. c3 Nf6 3. e5 Nd5 4.
d4 cxd4 5. Nf3 Nc6 6. Bc4 Nb6 7. Bb3 e6 8. cxd4 d6 9. Qe2 dxe5 10. dxe5 Bb4+ 11.
Bd2 Bxd2+ 12. Nbxd2 Nd4 13. Nxd4 Qxd4 14. O-O Qxb2 15.
Rab1 Qd4 16. Nf3 Qf4 17. Rfd1 O-O 18. Rd4 Qh6 19. Rh4 Qg6 20. Bc2 f5 21. exf6 Qxf6 22.
Bxh7+ Kh8 23. Ne5 Qxh4 24. Ng6+ Kxh7 25. Nxh4 Nd5 26. Qe4+ Kg8 27. Ng6 Rf6 28. h4 Nc3 29. Qd3 Nxb1 30. Qd8+ Kh7 31. h5 Rxg6 32. hxg6+ Kxg6 33. Qd3+ Kf7 34. Qxb1 Ke7 35. Qb4+ Ke8 36. Qc3 Bd7 37.
Qxg7 Rc8 38. Kh2 b5 39. f3 a5 40. g4 b4 41. Qg8+ Ke7 42. Qg7+ Ke8 43. Qg8+ Ke7 44.
Qg5+ 1-0

[Event "*** Titled Tuesday Blitz"]
[Site "Chess.com"]
[Date "2020.05.05"]
[Round "10"]
[White "Kavyev_Ruslan"]
[Black "hongnhung1234"]
[Result "0-1"]
[WhiteElo "2472"]
[BlackElo "2233"]
[TimeControl "180+1"]
[EndTime "11:59:15 PDT"]
[Termination "hongnhung1234 won by checkmate"]

1. d4 f5 2. c4 Nf6 3. Nc3 g6 4. Nf3 Bg7 5. g3 O-O 6. Bg2 d6 7. O-O Qe8 8. d5 c6 9. Nd4 Bd7 10. b3 Na6 11. Bb2 Nc7 12. dxc6 bxc6 13. Rc1 Rd8 14. e3 e5 15. Nc2 Be6 16. Qd2 d5 17. cxd5 cxd5 18. Rfd1 Rf7 19. Ne2 Bc8 20. Nb4 Bb7 21.
Nc6 Bxc6 22. Rxc6 Qxc6 23. Rc1 Qd7 24. Bxe5 Ne6 25. Qa5 Ne4 26. Bxg7 Kxg7 27. Bf1 Rc8 28. Rxc8 Qxc8 29. Qxd5 Qd7 30. Qe5+ Kh6 31. h4 Nd2 32.
Bg2 Ne4 33. Bf1 N6c5 34. Nd4 Qd6 35. Qe8 Rf8 36. Qb5 Ne6 37. Nf3 Nd2 38. Nxd2 Qxd2 39. Qe5 Qd7 40. Bc4 Re8 41. Qf6 Qg7 42. Qxg7+ Kxg7 43. Kg2 Nc5 44. Kf3 Kf6 45. a4 Rb8 46. g4 fxg4+ 47. Kxg4 Nxb3 48. h5 gxh5+ 49. Kxh5 Nd2 50.
Bb5 Ne4 51. f4 Rd8 52. Kh6 Rd1 53. Kxh7 Nd6 54. Bc6 Nf7 55. a5 Rd2 56. Kg8 Rd8+ 57. Kh7 Rh8# 0-1

[Event "*** Titled Tuesday Blitz"]
[Site "Chess.com"]
[Date "2020.05.05"]
[Round "10"]
[White "Nellichka"]
[Black "hazy13"]
[Result "0-1"]
[WhiteElo "2079"]
[BlackElo "2189"]
[TimeControl "180+1"]
[EndTime "11:59:15 PDT"]
[Termination "hazy13 won on time"]

1. d4 Nf6 2. c4 c6 3. Nc3 d5 4. cxd5 cxd5 5. Bf4 e6 6. e3 Nc6 7. Rc1 Bb4 8. Nf3 O-O 9. Bd3 Bd7 10. O-O Rc8 11. a3 Be7 12. b4 Nb8 13. Nb5 Bxb5 14. Bxb5 a5 15. Rxc8 Qxc8 16. bxa5 Bxa3 17. Qb3 Be7 18. Qb2 Nc6 19. Rc1 Qa8 20. a6 Nb4 21.
Rc7 bxa6 22. Rxe7 axb5 23. h4 Nd3 24. Qxb5 Nxf4 25. exf4 Qa1+ 26. Qf1 Qb2 27. Ne5 Qxd4 28. Qc1 Ne4 29. Ng4 h5 30. Ne3 Rb8 31. Qc7 Rf8 32. Qc1 Qf6 33. Rc7 Qxh4 34. g3 Nxg3 35. fxg3 Qxg3+ 36. Ng2 h4 37. Qc3 Qg4 0-1

[Event "*** Titled Tuesday Blitz"]
[Site "Chess.com"]
[Date "2020.05.05"]
[Round "10"]
[White "ntmh281"]
[Black "vanyakuba"]
[Result "1-0"]
[WhiteElo "2303"]
[BlackElo "2421"]
[TimeControl "180+1"]
[EndTime "11:59:16 PDT"]
[Termination "ntmh281 won on time"]

1. d4 d5 2. Bf4 c5 3. e3 Nc6 4. Nf3 Nf6 5. c3 Bg4 6. Qb3 Qb6 7. dxc5 Qxb3 8. axb3 Bxf3 9. gxf3 e5 10. Bg3 Bxc5 11. b4 Bd6 12. Na3 a6 13. Nb5 Bb8 14. Be2 Ke7 15. O-O h6 16. Rfd1 Rd8 17. Na3 Nh5 18.
Nc2 Nxg3 19. hxg3 Bc7 20. e4 dxe4 21. fxe4 Bb6 22. Kg2 Rxd1 23. Rxd1 g6 24. Na3 h5 25. Nc4 Bc7 26. Ne3 Rc8 27. Nd5+ Kf8 28. Nf6 Rd8 29.
Rxd8+ Bxd8 30. Nd7+ Ke7 31. Nc5 a5 32. b5 Na7 33.
Nxb7 Bb6 34. c4 Bd4 35. b3 Nc8 36. c5 1-0

[Event "*** Titled Tuesday Blitz"]
[Site "Chess.com"]
[Date "2020.05.05"]
[Round "10"]
[White "Colombiano07"]
[Black "CalinGheorghiu"]
[Result "1-0"]
[WhiteElo "2201"]
[BlackElo "2369"]
[TimeControl "180+1"]
[EndTime "11:59:16 PDT"]
[Termination "Colombiano07 won by resignation"]

1. d4 Nf6 2. Nf3 d5 3. e3 g6 4. Be2 Bg7 5. O-O O-O 6. b3 c5 7. Bb2 Ne4 8. Nbd2 Nc6 9. Qc1 Bg4 10. Re1 Rc8 11. h3 Bd7 12. dxc5 e5 13. Nxe4 dxe4 14. Nd2 f5 15. a3 Kh8 16. b4 a5 17. Bc3 b6 18. b5 Ne7 19. c6 Be6 20. a4 Nd5 21.
Qb2 f4 22. Bxe5 Rf7 23. Bxg7+ Rxg7 24. exf4 Nxf4 25. Nxe4 Bd5 26. Rad1 Nxg2 27. Kxg2 Bxe4+ 28. f3 Qg5+ 29. Kh1 Qg3 30. Qf6 Qxh3+ 31. Kg1 Qg3+ 32. Kf1 Bf5 33. Rd8+ Rxd8 34. Qxd8+ Rg8 35. Qf6+ Rg7 36. Bd1 Bh3+ 37. Ke2 Qg2+ 38. Kd3 Bf5+ 39. Kc3 h5 40. Re7 1-0

[Event "*** Titled Tuesday Blitz"]
[Site "Chess.com"]
[Date "2020.05.05"]
[Round "10"]
[White "AcsinteMatei"]
[Black "Eloist"]
[Result "1-0"]
[WhiteElo "2384"]
[BlackElo "2232"]
[TimeControl "180+1"]
[EndTime "11:59:17 PDT"]
[Termination "AcsinteMatei won on time"]

1. d4 e6 2. Bf4 Nf6 3. e3 d5 4. Nd2 c5 5. c3 Nc6 6. Ngf3 Bd6 7. Ne5 Qc7 8. Nxc6 Bxf4 9. exf4 bxc6 10. dxc5 Qxf4 11. g3 Qe5+ 12. Qe2 Qxe2+ 13. Bxe2 Rb8 14. b4 a5 15. a3 e5 16. Nb3 a4 17. Na5 Bd7 18.
c4 O-O 19. cxd5 Nxd5 20. Bf3 e4 21. Be2 e3 22. Bf3 Rfe8 23. O-O exf2+ 24. Kxf2 Re5 25.
Rfe1 Rbe8 26. Bxd5 Rxd5 27. Rad1 Rxd1 28. Rxd1 Re7 29. b5 cxb5 30. c6 Be8 31. Rb1 Re5 32. Rc1 f6 33. c7 Bd7 34. Nc6 Rf5+ 35. Ke3 Kf7 36. Na7 Re5+ 37. Kd4 Ke7 38. c8=Q Bxc8 39. Rxc8 1-0

[Event "*** Titled Tuesday Blitz"]
[Site "Chess.com"]
[Date "2020.05.05"]
[Round "10"]
[White "PotapovaM"]
[Black "DrBergerBerger"]
[Result "1-0"]
[WhiteElo "2396"]
[BlackElo "2485"]
[TimeControl "180+1"]
[EndTime "11:59:18 PDT"]
[Termination "PotapovaM won on time"]

1. d4 g6 2. e4 Bg7 3. Nc3 d6 4. Be3 a6 5. h4 h6 6. h5 g5 7.
f4 gxf4 8. Bxf4 Nc6 9. Nf3 Bg4 10. Be3 Nf6 11. Qd2 b5 12. O-O-O b4 13. Nd5 Nxe4 14. Qd3 Nf6 15. Nxf6+ Bxf6 16. Kb1 Qd7 17. Be2 Bf5 18. Qd2 a5 19. Bb5 d5 20. Rhf1 e6 21. Bf4 Rg8 22.
Be5 Be7 23. Bf4 Bd6 24. Bxh6 a4 25. Ng5 Ra5 26. Qe2 Kd8 27. g4 Bxc2+ 28. Kxc2 Rxb5 29. Rxf7 Be7 30. Nxe6+ Kc8 31. Kb1 Rb6 32. g5 b3 33.
a3 Qe8 34. g6 Bd6 35. Bg5 Kb7 36. Re1 Qa8 37. g7 Na5 38. Nc5+ Bxc5 39. dxc5 Rc6 40. h6 Nc4 41. h7 1-0

[Event "*** Titled Tuesday Blitz"]
[Site "Chess.com"]
[Date "2020.05.05"]
[Round "10"]
[White "Munkhzul_Turmunkh"]
[Black "martabartel"]
[Result "0-1"]
[WhiteElo "2473"]
[BlackElo "2299"]
[TimeControl "180+1"]
[EndTime "11:59:18 PDT"]
[Termination "martabartel won on time"]

1. e4 g6 2. d4 Bg7 3. Nc3 c6 4. Nf3 d6 5. Be2 Nf6 6. O-O O-O 7. a4 a5 8. h3 Na6 9. Be3 c5 10. Bxa6 cxd4 11. Nxd4 Rxa6 12. Ndb5 Bd7 13. Qd3 Bc6 14. Rad1 Ra8 15. Rfe1 Nd7 16. f4 Nc5 17. Bxc5 dxc5 18.
Qc4 Qb6 19. e5 Rad8 20. b3 Bh6 21. g3 Bf3 22. Nd5 Qe6 23. Nbc7 Qxh3 24. Kf2 Qg2+ 25. Ke3 Bxd1 26. Rxd1 Qxg3+ 27. Ke2 Qg2+ 28. Ke1 e6 29. Nf6+ Kg7 30. Rxd8 Rxd8 31. Nce8+ Kh8 32. Nd6 Kg7 33.
Nde8+ Kf8 34. Nd6 Bxf4 0-1

[Event "*** Titled Tuesday Blitz"]
[Site "Chess.com"]
[Date "2020.05.05"]
[Round "10"]
[White "Gubajdullin"]
[Black "Fandorine"]
[Result "1-0"]
[WhiteElo "2598"]
[BlackElo "2813"]
[TimeControl "180+1"]
[EndTime "11:59:19 PDT"]
[Termination "Gubajdullin won by resignation"]

1. d4 Nf6 2. Bf4 d6 3. Nf3 g6 4.
e3 Bg7 5. Be2 O-O 6. O-O c5 7.
c3 Qb6 8. Nbd2 Be6 9. Qc2 cxd4 10. exd4 Nc6 11. Nc4 Qc7 12. Ne3 Nd5 13. Bg3 Rac8 14. Qd2 Nxe3 15. fxe3 Na5 16. Bd3 Bc4 17. e4 Bxd3 18.
Qxd3 Qc4 19. Qd2 e5 20. Rad1 b6 21. dxe5 dxe5 22. Bxe5 Qxa2 23. Bxg7 Kxg7 24. Ne5 Qe6 25. Nd7 Nc6 26. Nxf8 Rxf8 27. Qd6 Qxd6 28. Rxd6 Ne5 29. Rfd1 Nc4 30. Rc6 Nxb2 31. Rd7 Na4 32. Rxa7 Nc5 33. e5 Re8 34. Rcc7 Rxe5 35. Rxf7+ Kh6 36. Rxh7+ Kg5 37. Rae7 Rd5 38. h4+ Kg4 39. Kh2 Nd3 40. Rd7 1-0